AoeStats
← SuperZèbre

Arena

510265350Analyzed
1v1 RM · 1d ago on Sep 30, 2026· 52m 31s· 2 players
Game mode
Random Map
Map size
Tiny (2 player)
Population
200
Speed
Normal
Resources
Standard
Victory
Conquest
Starting age
Dark Age
Ending age
Imperial Age
RankedLock teamsTeams togetherTeam positionsShared explorationLock speedFull tech treeHidden civsTurbo modeCheats
Victory
Defeat
🇧🇪 Franks · Belgium
660
+13
🇷🇺 Inca · Russia
591
-13
SuperZèbre
0:29 Loom
12:55 Feudal Age
19:03 Castle Age
17:39 Double-Bit Axe
17:55 Stone Mining
18:04 Gold Mining
22:55 Bow Saw
25:43 Gold Shaft Mining
28:23 Scale Barding Armor
28:29 Forging
28:24 Padded Archer Armor
28:15 Fletching
32:43 Imperial Age
31:00 Wheelbarrow
31:50 Husbandry
33:43 Cavalier
36:04 Conscription
36:06 Bodkin Arrow
36:16 Murder Holes
36:03 Treadmill Crane
36:43 Paladin
40:06 Chain Barding Armor
40:25 Iron Casting
42:33 Elite Throwing Axeman
45:41 Blast Furnace
CHILLDEN
0:26 Loom
10:34 Feudal Age
12:13 Double-Bit Axe
12:36 Horse Collar
14:16 Fletching
14:38 Forging
17:45 Castle Age
15:49 Gold Mining
16:10 Scale Mail Armor
17:43 Wheelbarrow
19:01 Crossbowman
20:27 Bodkin Arrow
24:12 Iron Casting
24:53 Ballistics
24:55 Chain Mail Armor
26:00 Elite Skirmisher
27:06 Heavy Plow
27:50 Bow Saw
32:53 Imperial Age
37:21 Arbalester
44:19 Thumb Ring
48:50 Thumb Ring
49:50 Crop Rotation
50:20 Bracer
Connection lost

Rejoining the realm…

Still unreachable

The connection could not be restored.

Session expired

The server has moved on; the page needs a fresh start.